 Dungeon Crawl Stone Soup version 0.25-a0-701-gb30f108f01 (webtiles) character file.

Game seed: 2356652713483805814, levelgen mode: deterministic

2636 Delarado the Grappler (level 9, -3/62 HPs)
             Began as an Octopode Fighter on Apr 3, 2020.
             Was an Initiate of Gozag.
             Slain by an ogre
             ... wielding a +0 giant spiked club
              (27 damage)
             ... on level 7 of the Dungeon.
             The game lasted 00:23:20 (6486 turns).

Delarado the Grappler (Octopode Fighter)            Turns: 6486, Time: 00:23:20

Health: -3/62      AC:  1    Str: 18    XL:     9   Next: 61%
Magic:  9/9        EV: 11    Int: 10    God:    Gozag
Gold:   812        SH:  9    Dex: 12    Spells: 8/8 levels left

rFire    . . .     SeeInvis .     - Unarmed
rCold    + . .     Gourm    .   a - +0 kite shield
rNeg     . . .     Faith    .   (helmet restricted)
rPois    .         Spirit   .   (no amulet)
rElec    .         Reflect  .   g - ring of protection from cold
rCorr    .         Harm     .   s - +1 ring of slaying
MR       .....                  (no ring)
Stlth    ++++......             (no ring)
HPRegen  0.20/turn              (no ring)
MPRegen  0.11/turn              (no ring)
                                (no ring)
                                (no ring)

@: no status effects
A: almost no armour, stealthy swim, amphibious, 8 rings, constrict 8, camouflage
1, gelatinous body 1
a: Potion Petition, Call Merchant, Bribe Branch, Renounce Religion


You were on level 7 of the Dungeon.
You worshipped Gozag.
Gozag was pleased with you.
You were not hungry.

You visited 1 branch of the dungeon, and saw 7 of its levels.

You collected 867 gold pieces.
You paid 55 gold pieces to Gozag.

Inventory:

Missiles
 d - 198 stones
 j - a throwing net (quivered)
 r - 7 poisoned darts
Armour
 a - a +0 kite shield (worn)
Jewellery
 g - a ring of protection from cold (left tentacle)
 h - an uncursed ring of fire
 s - a +1 ring of slaying (right tentacle)
Scrolls
 i - a scroll of amnesia {unknown}
 k - 3 scrolls of teleportation
 m - 2 scrolls of enchant armour {unknown}
 n - a scroll of identify
 o - 3 scrolls of remove curse
 t - 2 scrolls of random uselessness {unknown}
 w - a scroll of fear {unknown}
Potions
 b - 2 potions of might
 e - 4 potions of mutation {unknown}
 f - a potion of curing {unknown}
 l - a potion of ambrosia {unknown}
 p - 2 potions of heal wounds
 q - a potion of invisibility {unknown}
 u - a potion of magic {unknown}
 v - a potion of stabbing {unknown}
Comestibles
 c - 4 rations


   Skills:
 + Level 5.6 Fighting
 - Level 3.0 Dodging
 + Level 6.8 Stealth
 - Level 3.0 Shields
 + Level 10.9 Unarmed Combat


You had 8 spell levels left.
You didn't know any spells.
Your spell library was empty.

Dungeon Overview and Level Annotations

Branches:
Dungeon (7/15)             Temple (0/1) D:5

Altars:
Ashenzari
Elyvilon
Gozag
Hepliaklqana
Kikubaaqudgha
Okawaru
Xom
Zin

Shops:
D:4 (

Annotations:
D:3 1 runed translucent door, Crazy Yiuf
D:4 Purgy
D:5 Eustachio, Grinder


Innate Abilities, Weirdness & Mutations

You cannot wear most types of armour.
You are very stealthy in the water. (Stealth+)
You are amphibious.
You can wear up to eight rings at the same time.
You can use your tentacles to constrict eight enemies at once.
Your skin changes colour to match your surroundings (Stealth+).
Your rubbery body absorbs attacks. (AC +1, EV +1)


Message History

You constrict Harold! You block Harold's attack.
You tentacle-slap Harold but do no damage.
You squeeze Harold.
You kill Harold!
Your Fighting skill increases to level 5!
Your Stealth skill increases to level 6!
You see here a throwing net.
Okay, then.
An ogre comes into view. It is wielding a +0 giant club.
Okay, then.
You see here 21 arrows.
The orc becomes distracted by your gold, dreaming of imaginary riches.
Throwing (i - inventory. (/) - cycle)
j - 2 throwing nets
Press: ? - help, Shift-Dir - straight line, f - ogre
Aim: an ogre, wielding a +0 giant spiked club You throw a throwing net.
The throwing net closely misses the ogre.
The ogre hits you with a +0 giant spiked club!!
You die...
Your body crumbles into a pile of gold.

.#......... ##...........
.........# ##............ .
##.......####.........#... ..
#........##........#..#..# ..(
#.......##........##..#.. ....
##.......o..(........#...#
.((..##......##.#.#......#...#..
....(.$.##.(.#######...#...#...#
. ..#.(......@O.....(..#. .
....#.......####.....#...#
.........#....# ##.#....#..
........###..## ####.#...#
.......## #..# ...#.. .......#
#.... .#.. # ....#### ##...
...#. .... ##.# . .>. .#


You could see an ogre.

Vanquished Creatures
  Harold (D:7)
  A hungry ghost (D:7)
  Edmund (D:6)
  Duvessa (D:6)
  A water moccasin (D:6)
  A sky beast (D:6)
  An orc warrior (D:6)
  3 ogres
  A bullfrog (D:7)
  A wyvern zombie (D:6)
  Dowan (D:6)
  A scorpion (D:6)
  A crimson imp (D:5)
  8 orc priests
  A hound (D:4)
  A centaur skeleton (D:2)
  5 orc wizards
  An iguana (D:4)
  A worker ant (D:4)
  A hound skeleton (D:7)
  4 gnolls (D:6)
  9 adders
  A howler monkey skeleton (D:4)
  A shadow imp (D:4)
  An ooze (D:3)
  An adder skeleton (D:4)
  3 worms
  7 leopard geckos
  26 orcs
  7 bats
  3 giant cockroaches
  2 goblins
  6 hobgoblins
  6 jackals
  6 kobolds
  A quokka (D:4)
  5 frilled lizards
  A giant cockroach zombie (D:5)
  A leopard gecko zombie (D:6)
  A quokka skeleton (D:4)
  9 rats
134 creatures vanquished.

Vanquished Creatures (others)
  A bat (D:3)
1 creature vanquished.

Grand Total: 135 creatures vanquished

Notes
Turn   | Place    | Note
-------+----------+-------------------------------------------
     0 | D:1      | Delarado the Octopode Fighter began the quest for the Orb.
     0 | D:1      | Reached XP level 1. HP: 16/16 MP: 1/1
    68 | D:1      | Reached XP level 2. HP: 17/21 MP: 2/2
   398 | D:1      | Reached skill level 3 in Unarmed Combat
   755 | D:2      | Reached XP level 3. HP: 26/26 MP: 3/3
   994 | D:2      | Reached skill level 4 in Unarmed Combat
  1009 | D:2      | Found an iron altar of Okawaru.
  1050 | D:2      | Reached XP level 4. HP: 28/31 MP: 4/4
  1337 | D:2      | Found a shimmering blue altar of Sif Muna.
  1346 | D:2      | Found a shimmering altar of Xom.
  1346 | D:2      | Found a hide-covered altar of Uskayaw.
  1349 | D:2      | Found a white marble altar of Elyvilon.
  1349 | D:2      | Found an ancient bone altar of Kikubaaqudgha.
  1349 | D:2      | Found a blossoming altar of Fedhas.
  1488 | D:2      | Reached skill level 5 in Unarmed Combat
  1488 | D:2      | Reached XP level 5. HP: 35/36 MP: 5/5
  1678 | D:3      | Found a runed translucent door.
  1679 | D:3      | Noticed Crazy Yiuf
  1734 | D:3      | Found an opulent altar of Gozag.
  1745 | D:3      | Became a worshipper of Gozag Ym Sagoz the Greedy
  2349 | D:4      | Reached skill level 6 in Unarmed Combat
  2349 | D:4      | Reached XP level 6. HP: 22/42 MP: 6/6
  2492 | D:4      | Found a shattered altar of Ashenzari.
  2586 | D:4      | Found Xiapel's Weapon Boutique.
  2774 | D:4      | Reached skill level 7 in Unarmed Combat
  2835 | D:4      | Noticed Purgy
  2846 | D:4      | Found a glowing silver altar of Zin.
  3215 | D:4      | Found a hazy altar of Hepliaklqana.
  3367 | D:5      | Entered Level 5 of the Dungeon
  3413 | D:5      | Reached XP level 7. HP: 46/46 MP: 7/7
  3514 | D:5      | Reached skill level 8 in Unarmed Combat
  3608 | D:5      | Noticed Grinder
  3680 | D:5      | Noticed Eustachio
  4564 | D:6      | Noticed Duvessa
  4573 | D:6      | Killed Duvessa
  4573 | D:6      | Reached skill level 9 in Unarmed Combat
  4573 | D:6      | Reached XP level 8. HP: 52/52 MP: 8/8
  4573 | D:6      | Noticed Dowan
  4579 | D:6      | Killed Dowan
  4958 | D:6      | Found a white marble altar of Elyvilon.
  5006 | D:6      | Noticed Edmund
  5018 | D:6      | Killed Edmund
  5018 | D:6      | Reached skill level 1 in Stealth
  5154 | D:6      | Reached skill level 10 in Unarmed Combat
  5851 | D:6      | Reached XP level 9. HP: 11/59 MP: 9/9
  6371 | D:7      | Found an ancient bone altar of Kikubaaqudgha.
  6405 | D:7      | Reached skill level 5 in Stealth
  6453 | D:7      | Noticed Harold
  6467 | D:7      | Killed Harold
  6467 | D:7      | Reached skill level 5 in Fighting
  6486 | D:7      | Slain by an ogre

Levels and vault maps discovered:
D:1:      minmay_arrival_radiant_lines, layout_basic, amethyst_killhole
D:2:      layout_basic, nicolae_overflow_crystal_walls, doesnt_xom_only_xom
D:3:      layout_rooms, lemuel_round_altar, first_ration, lemuel_flame_loot_1,
          uniq_crazy_yiuf_cottage
D:4:      layout_basic, kennysheep_mini_moat, kennysheep_mini, serial_shops,
          shop, ashenzari_altar_1, uniq_purgy
D:5:      minmay_razor_zed, layout_basic, temple_hall, serial_glass,
          glass_columns_b, glass_columns_c, basic_altar, uniq_eustachio,
          uniq_grinder
D:6:      layout_cave_pods, elyvilon_altar_1, uniq_duvessa, uniq_edmund
D:7:      layout_cave_pools, old_standard_altar, overflow_temple_1_default,
          chequers_ossuary_entry_cave, hex_large, uniq_harold, uniq_maggie,
          uniq_joseph

Skill      XL: |  1  2  3  4  5  6  7  8  9 |
---------------+----------------------------+-----
Unarmed Combat | 3 4 5 6 7 9 10 | 10.9
Stealth        | 4 6 |  6.8
Fighting       | 4 5 |  5.6
Dodging        | |  3.0
Shields        | |  3.0

Action                   |  1- 3 |  4- 6 |  7- 9 || total
-------------------------+-------+-------+-------++-------
Melee: Unarmed           |    65 |    86 |   147 ||   298
       Constrict         |    17 |    28 |    29 ||    74
       Tentacles         |    12 |    17 |    34 ||    63
       Punch             |     1 |     3 |    13 ||    17
Throw: Stone             |    39 |       |       ||    39
       Dart              |     9 |    92 |    78 ||   179
       Throwing net      |       |       |     1 ||     1
Evoke: Wand              |       |     5 |     1 ||     6
  Use: Scroll            |       |     5 |     1 ||     6
 Stab: Sleeping          |     1 |     4 |     3 ||     8
       Paralysed         |       |     3 |     5 ||     8
       Distracted        |       |       |     1 ||     1
  Eat: Chunk             |       |     3 |       ||     3
       Ration            |       |     2 |     4 ||     6
Armor: Skin              |     3 |     7 |     6 ||    16
Dodge: Dodged            |    27 |    27 |    34 ||    88
Block: Kite shield       |    29 |    28 |    43 ||   100

Table legend:
 A = Non-vault XP
 B = Vault XP
 C = Vault XP percentage of total XP
 D = Non-vault monster count
 E = Vault monster count
 F = Vault count percentage of total count
                 A         B        C        D         E       F
            +---------+---------+-------+---------+---------+-------
      Total |    2251 |    1515 |  40.2 |     127 |       7 |   5.2
            +---------+---------+-------+---------+---------+-------
        D:1 |      28 |       0 |   0.0 |      18 |       0 |   0.0
        D:2 |     161 |       0 |   0.0 |      21 |       0 |   0.0
        D:3 |      68 |       0 |   0.0 |      16 |       0 |   0.0
        D:4 |     447 |       0 |   0.0 |      23 |       0 |   0.0
        D:5 |     300 |     132 |  30.6 |      18 |       3 |  14.3
        D:6 |     942 |     386 |  29.1 |      27 |       3 |  10.0
        D:7 |     305 |     997 |  76.6 |       4 |       1 |  20.0
            +---------+---------+-------+---------+---------+-------
